Workbook

Sheet Summary
A1: Lawn Care Insurance Cost Tracker
A2: Calculated indicators use the entered policy and payment records. All sample records are fictional.
A3: Report Year | B3: =Assumptions!$B$3 | D3: As of Date | E3: =Assumptions!$B$4
A5: Active Policies | B5: =IFERROR(COUNTIF(Policies!$J$6:$J$105,"Active"),0) | D5: Scheduled Premium | E5: =IFERROR(SUMIFS(Payments!$F$6:$F$155,Payments!$C$6:$C$155,"Premium Installment",Payments!$G$6:$G$155,"Scheduled",Payments!$D$6:$D$155,">="&DATE(Assumptions!$B$3,1,1),Payments!$D$6:$D$155,"<="&DATE(Assumptions!$B$3,12,31)),0)
A6: Listed Annual Premium | B6: =IFERROR(SUMIFS(Policies!$G$6:$G$105,Policies!$E$6:$E$105,"<="&DATE(Assumptions!$B$3,12,31),Policies!$F$6:$F$105,">="&DATE(Assumptions!$B$3,1,1)),0) | D6: Overdue Scheduled | E6: =IFERROR(SUMIFS(Payments!$F$6:$F$155,Payments!$G$6:$G$155,"Scheduled",Payments!$D$6:$D$155,">="&DATE(Assumptions!$B$3,1,1),Payments!$D$6:$D$155,"<"&Assumptions!$B$4),0)
A7: Premium Paid | B7: =IFERROR(SUMIFS(Payments!$F$6:$F$155,Payments!$C$6:$C$155,"Premium Installment",Payments!$G$6:$G$155,"Paid",Payments!$E$6:$E$155,">="&DATE(Assumptions!$B$3,1,1),Payments!$E$6:$E$155,"<="&DATE(Assumptions!$B$3,12,31)),0) | D7: Listed Active Deductibles | E7: =IFERROR(SUMIFS(Policies!$H$6:$H$105,Policies!$J$6:$J$105,"Active"),0)
A8: Deductibles Paid | B8: =IFERROR(SUMIFS(Payments!$F$6:$F$155,Payments!$C$6:$C$155,"Deductible",Payments!$G$6:$G$155,"Paid",Payments!$E$6:$E$155,">="&DATE(Assumptions!$B$3,1,1),Payments!$E$6:$E$155,"<="&DATE(Assumptions!$B$3,12,31)),0) | D8: Renewals to Check | E8: =IFERROR(COUNTIFS(Policies!$J$6:$J$105,"Active",Policies!$F$6:$F$105,">="&Assumptions!$B$4,Policies!$F$6:$F$105,"<="&Assumptions!$B$4+Assumptions!$B$5),0)
A9: Insurance Cash Cost | B9: =IFERROR(SUM(B7:B8),0) | D9: Paid Cost / Listed Premium | E9: =IFERROR(B9/B6,"")
D10: Payment Records to Review | E10: =IFERROR(COUNTIF(Payments!$J$6:$J$155,"Review overdue")+COUNTIF(Payments!$J$6:$J$155,"Add paid date")+COUNTIF(Payments!$J$6:$J$155,"Check required fields"),0)
A12: Listed deductibles are summed inputs; actual policy terms and claim treatment can differ.
A15: Month | B15: Paid Insurance Cost
A16: =DATE(Assumptions!$B$3,ROW()-15,1) | B16: =IFERROR(SUMIFS(Payments!$F$6:$F$155,Payments!$G$6:$G$155,"Paid",Payments!$E$6:$E$155,">="&A16,Payments!$E$6:$E$155,"<"&DATE(YEAR(A16),MONTH(A16)+1,1)),0)
A17: =DATE(Assumptions!$B$3,ROW()-15,1) | B17: =IFERROR(SUMIFS(Payments!$F$6:$F$155,Payments!$G$6:$G$155,"Paid",Payments!$E$6:$E$155,">="&A17,Payments!$E$6:$E$155,"<"&DATE(YEAR(A17),MONTH(A17)+1,1)),0)
A18: =DATE(Assumptions!$B$3,ROW()-15,1) | B18: =IFERROR(SUMIFS(Payments!$F$6:$F$155,Payments!$G$6:$G$155,"Paid",Payments!$E$6:$E$155,">="&A18,Payments!$E$6:$E$155,"<"&DATE(YEAR(A18),MONTH(A18)+1,1)),0)
A19: =DATE(Assumptions!$B$3,ROW()-15,1) | B19: =IFERROR(SUMIFS(Payments!$F$6:$F$155,Payments!$G$6:$G$155,"Paid",Payments!$E$6:$E$155,">="&A19,Payments!$E$6:$E$155,"<"&DATE(YEAR(A19),MONTH(A19)+1,1)),0)
A20: =DATE(Assumptions!$B$3,ROW()-15,1) | B20: =IFERROR(SUMIFS(Payments!$F$6:$F$155,Payments!$G$6:$G$155,"Paid",Payments!$E$6:$E$155,">="&A20,Payments!$E$6:$E$155,"<"&DATE(YEAR(A20),MONTH(A20)+1,1)),0)
A21: =DATE(Assumptions!$B$3,ROW()-15,1) | B21: =IFERROR(SUMIFS(Payments!$F$6:$F$155,Payments!$G$6:$G$155,"Paid",Payments!$E$6:$E$155,">="&A21,Payments!$E$6:$E$155,"<"&DATE(YEAR(A21),MONTH(A21)+1,1)),0)
A22: =DATE(Assumptions!$B$3,ROW()-15,1) | B22: =IFERROR(SUMIFS(Payments!$F$6:$F$155,Payments!$G$6:$G$155,"Paid",Payments!$E$6:$E$155,">="&A22,Payments!$E$6:$E$155,"<"&DATE(YEAR(A22),MONTH(A22)+1,1)),0)
A23: =DATE(Assumptions!$B$3,ROW()-15,1) | B23: =IFERROR(SUMIFS(Payments!$F$6:$F$155,Payments!$G$6:$G$155,"Paid",Payments!$E$6:$E$155,">="&A23,Payments!$E$6:$E$155,"<"&DATE(YEAR(A23),MONTH(A23)+1,1)),0)
A24: =DATE(Assumptions!$B$3,ROW()-15,1) | B24: =IFERROR(SUMIFS(Payments!$F$6:$F$155,Payments!$G$6:$G$155,"Paid",Payments!$E$6:$E$155,">="&A24,Payments!$E$6:$E$155,"<"&DATE(YEAR(A24),MONTH(A24)+1,1)),0)
A25: =DATE(Assumptions!$B$3,ROW()-15,1) | B25: =IFERROR(SUMIFS(Payments!$F$6:$F$155,Payments!$G$6:$G$155,"Paid",Payments!$E$6:$E$155,">="&A25,Payments!$E$6:$E$155,"<"&DATE(YEAR(A25),MONTH(A25)+1,1)),0)
A26: =DATE(Assumptions!$B$3,ROW()-15,1) | B26: =IFERROR(SUMIFS(Payments!$F$6:$F$155,Payments!$G$6:$G$155,"Paid",Payments!$E$6:$E$155,">="&A26,Payments!$E$6:$E$155,"<"&DATE(YEAR(A26),MONTH(A26)+1,1)),0)
A27: =DATE(Assumptions!$B$3,ROW()-15,1) | B27: =IFERROR(SUMIFS(Payments!$F$6:$F$155,Payments!$G$6:$G$155,"Paid",Payments!$E$6:$E$155,">="&A27,Payments!$E$6:$E$155,"<"&DATE(YEAR(A27),MONTH(A27)+1,1)),0)

Sheet Policies
A1: Policy Register
A2: Enter policy terms in yellow cells. Calculated term costs and review alerts appear at the right.
A3: All displayed carriers, policy numbers, and records are fictional samples.
A5: Policy ID | B5: Coverage Type | C5: Carrier | D5: Policy Number | E5: Effective Date | F5: Expiration Date | G5: Annual Premium | H5: Deductible | I5: Payment Frequency | J5: Policy Status | K5: Premium Paid | L5: Deductibles Paid | M5: Recorded Term Cost | N5: Premium Remaining | O5: Days to Expiration | P5: Review Alert
A6: SAMPLE-POL-001 | B6: General Liability | C6: Fictional Meadow Mutual | D6: SAMPLE-GL-2026-01 | E6: 46023 | F6: 46387 | G6: 4200 | H6: 1000 | I6: Quarterly | J6: Active | K6: =IF(OR($A6="",$E6="",$F6=""),"",IFERROR(SUMIFS(Payments!$F$6:$F$155,Payments!$B$6:$B$155,$A6,Payments!$C$6:$C$155,"Premium Installment",Payments!$G$6:$G$155,"Paid",Payments!$E$6:$E$155,">="&$E6,Payments!$E$6:$E$155,"<="&$F6),0)) | L6: =IF(OR($A6="",$E6="",$F6=""),"",IFERROR(SUMIFS(Payments!$F$6:$F$155,Payments!$B$6:$B$155,$A6,Payments!$C$6:$C$155,"Deductible",Payments!$G$6:$G$155,"Paid",Payments!$E$6:$E$155,">="&$E6,Payments!$E$6:$E$155,"<="&$F6),0)) | M6: =IF(OR($A6="",K6="",L6=""),"",IFERROR(SUM(K6:L6),"")) | N6: =IF(OR($A6="",$G6="",K6=""),"",IFERROR(MAX(0,$G6-K6),"")) | O6: =IF(OR($A6="",$F6=""),"",IFERROR($F6-Assumptions!$B$4,"")) | P6: =IF($A6="","",IF(OR($B6="",$C6="",$D6="",$E6="",$F6="",$G6="",$H6="",$I6="",$J6=""),"Check required fields",IF($F6<$E6,"Check dates",IF($J6="Canceled","Canceled",IF($J6="Expired","Expired",IF($F6<Assumptions!$B$4,"Review expired",IF(OR($J6="Pending Renewal",$F6<=Assumptions!$B$4+Assumptions!$B$5),"Renewal check","OK")))))))
A7: SAMPLE-POL-002 | B7: Commercial Auto | C7: Fictional Arbor Peak Insurance | D7: SAMPLE-CA-2026-02 | E7: 46082 | F7: 46446 | G7: 6800 | H7: 1500 | I7: Monthly | J7: Active | K7: =IF(OR($A7="",$E7="",$F7=""),"",IFERROR(SUMIFS(Payments!$F$6:$F$155,Payments!$B$6:$B$155,$A7,Payments!$C$6:$C$155,"Premium Installment",Payments!$G$6:$G$155,"Paid",Payments!$E$6:$E$155,">="&$E7,Payments!$E$6:$E$155,"<="&$F7),0)) | L7: =IF(OR($A7="",$E7="",$F7=""),"",IFERROR(SUMIFS(Payments!$F$6:$F$155,Payments!$B$6:$B$155,$A7,Payments!$C$6:$C$155,"Deductible",Payments!$G$6:$G$155,"Paid",Payments!$E$6:$E$155,">="&$E7,Payments!$E$6:$E$155,"<="&$F7),0)) | M7: =IF(OR($A7="",K7="",L7=""),"",IFERROR(SUM(K7:L7),"")) | N7: =IF(OR($A7="",$G7="",K7=""),"",IFERROR(MAX(0,$G7-K7),"")) | O7: =IF(OR($A7="",$F7=""),"",IFERROR($F7-Assumptions!$B$4,"")) | P7: =IF($A7="","",IF(OR($B7="",$C7="",$D7="",$E7="",$F7="",$G7="",$H7="",$I7="",$J7=""),"Check required fields",IF($F7<$E7,"Check dates",IF($J7="Canceled","Canceled",IF($J7="Expired","Expired",IF($F7<Assumptions!$B$4,"Review expired",IF(OR($J7="Pending Renewal",$F7<=Assumptions!$B$4+Assumptions!$B$5),"Renewal check","OK")))))))
A8: SAMPLE-POL-003 | B8: Workers Compensation | C8: Fictional Greenline Casualty | D8: SAMPLE-WC-2026-03 | E8: 46023 | F8: 46387 | G8: 5100 | H8: 0 | I8: Monthly | J8: Active | K8: =IF(OR($A8="",$E8="",$F8=""),"",IFERROR(SUMIFS(Payments!$F$6:$F$155,Payments!$B$6:$B$155,$A8,Payments!$C$6:$C$155,"Premium Installment",Payments!$G$6:$G$155,"Paid",Payments!$E$6:$E$155,">="&$E8,Payments!$E$6:$E$155,"<="&$F8),0)) | L8: =IF(OR($A8="",$E8="",$F8=""),"",IFERROR(SUMIFS(Payments!$F$6:$F$155,Payments!$B$6:$B$155,$A8,Payments!$C$6:$C$155,"Deductible",Payments!$G$6:$G$155,"Paid",Payments!$E$6:$E$155,">="&$E8,Payments!$E$6:$E$155,"<="&$F8),0)) | M8: =IF(OR($A8="",K8="",L8=""),"",IFERROR(SUM(K8:L8),"")) | N8: =IF(OR($A8="",$G8="",K8=""),"",IFERROR(MAX(0,$G8-K8),"")) | O8: =IF(OR($A8="",$F8=""),"",IFERROR($F8-Assumptions!$B$4,"")) | P8: =IF($A8="","",IF(OR($B8="",$C8="",$D8="",$E8="",$F8="",$G8="",$H8="",$I8="",$J8=""),"Check required fields",IF($F8<$E8,"Check dates",IF($J8="Canceled","Canceled",IF($J8="Expired","Expired",IF($F8<Assumptions!$B$4,"Review expired",IF(OR($J8="Pending Renewal",$F8<=Assumptions!$B$4+Assumptions!$B$5),"Renewal check","OK")))))))
A9: SAMPLE-POL-004 | B9: Inland Marine | C9: Fictional Spruce Harbor Mutual | D9: SAMPLE-IM-2026-04 | E9: 46113 | F9: 46477 | G9: 1800 | H9: 500 | I9: Annual | J9: Active | K9: =IF(OR($A9="",$E9="",$F9=""),"",IFERROR(SUMIFS(Payments!$F$6:$F$155,Payments!$B$6:$B$155,$A9,Payments!$C$6:$C$155,"Premium Installment",Payments!$G$6:$G$155,"Paid",Payments!$E$6:$E$155,">="&$E9,Payments!$E$6:$E$155,"<="&$F9),0)) | L9: =IF(OR($A9="",$E9="",$F9=""),"",IFERROR(SUMIFS(Payments!$F$6:$F$155,Payments!$B$6:$B$155,$A9,Payments!$C$6:$C$155,"Deductible",Payments!$G$6:$G$155,"Paid",Payments!$E$6:$E$155,">="&$E9,Payments!$E$6:$E$155,"<="&$F9),0)) | M9: =IF(OR($A9="",K9="",L9=""),"",IFERROR(SUM(K9:L9),"")) | N9: =IF(OR($A9="",$G9="",K9=""),"",IFERROR(MAX(0,$G9-K9),"")) | O9: =IF(OR($A9="",$F9=""),"",IFERROR($F9-Assumptions!$B$4,"")) | P9: =IF($A9="","",IF(OR($B9="",$C9="",$D9="",$E9="",$F9="",$G9="",$H9="",$I9="",$J9=""),"Check required fields",IF($F9<$E9,"Check dates",IF($J9="Canceled","Canceled",IF($J9="Expired","Expired",IF($F9<Assumptions!$B$4,"Review expired",IF(OR($J9="Pending Renewal",$F9<=Assumptions!$B$4+Assumptions!$B$5),"Renewal check","OK")))))))
A10: SAMPLE-POL-005 | B10: Umbrella | C10: Fictional Stonegate Indemnity | D10: SAMPLE-UM-2026-05 | E10: 46204 | F10: 46568 | G10: 2200 | H10: 1000 | I10: Semiannual | J10: Active | K10: =IF(OR($A10="",$E10="",$F10=""),"",IFERROR(SUMIFS(Payments!$F$6:$F$155,Payments!$B$6:$B$155,$A10,Payments!$C$6:$C$155,"Premium Installment",Payments!$G$6:$G$155,"Paid",Payments!$E$6:$E$155,">="&$E10,Payments!$E$6:$E$155,"<="&$F10),0)) | L10: =IF(OR($A10="",$E10="",$F10=""),"",IFERROR(SUMIFS(Payments!$F$6:$F$155,Payments!$B$6:$B$155,$A10,Payments!$C$6:$C$155,"Deductible",Payments!$G$6:$G$155,"Paid",Payments!$E$6:$E$155,">="&$E10,Payments!$E$6:$E$155,"<="&$F10),0)) | M10: =IF(OR($A10="",K10="",L10=""),"",IFERROR(SUM(K10:L10),"")) | N10: =IF(OR($A10="",$G10="",K10=""),"",IFERROR(MAX(0,$G10-K10),"")) | O10: =IF(OR($A10="",$F10=""),"",IFERROR($F10-Assumptions!$B$4,"")) | P10: =IF($A10="","",IF(OR($B10="",$C10="",$D10="",$E10="",$F10="",$G10="",$H10="",$I10="",$J10=""),"Check required fields",IF($F10<$E10,"Check dates",IF($J10="Canceled","Canceled",IF($J10="Expired","Expired",IF($F10<Assumptions!$B$4,"Review expired",IF(OR($J10="Pending Renewal",$F10<=Assumptions!$B$4+Assumptions!$B$5),"Renewal check","OK")))))))
A11: SAMPLE-POL-006 | B11: Property | C11: Fictional Meadow Mutual | D11: SAMPLE-PR-2026-06 | E11: 46054 | F11: 46418 | G11: 2600 | H11: 2500 | I11: Quarterly | J11: Active | K11: =IF(OR($A11="",$E11="",$F11=""),"",IFERROR(SUMIFS(Payments!$F$6:$F$155,Payments!$B$6:$B$155,$A11,Payments!$C$6:$C$155,"Premium Installment",Payments!$G$6:$G$155,"Paid",Payments!$E$6:$E$155,">="&$E11,Payments!$E$6:$E$155,"<="&$F11),0)) | L11: =IF(OR($A11="",$E11="",$F11=""),"",IFERROR(SUMIFS(Payments!$F$6:$F$155,Payments!$B$6:$B$155,$A11,Payments!$C$6:$C$155,"Deductible",Payments!$G$6:$G$155,"Paid",Payments!$E$6:$E$155,">="&$E11,Payments!$E$6:$E$155,"<="&$F11),0)) | M11: =IF(OR($A11="",K11="",L11=""),"",IFERROR(SUM(K11:L11),"")) | N11: =IF(OR($A11="",$G11="",K11=""),"",IFERROR(MAX(0,$G11-K11),"")) | O11: =IF(OR($A11="",$F11=""),"",IFERROR($F11-Assumptions!$B$4,"")) | P11: =IF($A11="","",IF(OR($B11="",$C11="",$D11="",$E11="",$F11="",$G11="",$H11="",$I11="",$J11=""),"Check required fields",IF($F11<$E11,"Check dates",IF($J11="Canceled","Canceled",IF($J11="Expired","Expired",IF($F11<Assumptions!$B$4,"Review expired",IF(OR($J11="Pending Renewal",$F11<=Assumptions!$B$4+Assumptions!$B$5),"Renewal check","OK")))))))
A12: SAMPLE-POL-007 | B12: General Liability | C12: Fictional Greenline Casualty | D12: SAMPLE-GL-2026-07 | E12: 45931 | F12: 46295 | G12: 3900 | H12: 1000 | I12: Quarterly | J12: Active | K12: =IF(OR($A12="",$E12="",$F12=""),"",IFERROR(SUMIFS(Payments!$F$6:$F$155,Payments!$B$6:$B$155,$A12,Payments!$C$6:$C$155,"Premium Installment",Payments!$G$6:$G$155,"Paid",Payments!$E$6:$E$155,">="&$E12,Payments!$E$6:$E$155,"<="&$F12),0)) | L12: =IF(OR($A12="",$E12="",$F12=""),"",IFERROR(SUMIFS(Payments!$F$6:$F$155,Payments!$B$6:$B$155,$A12,Payments!$C$6:$C$155,"Deductible",Payments!$G$6:$G$155,"Paid",Payments!$E$6:$E$155,">="&$E12,Payments!$E$6:$E$155,"<="&$F12),0)) | M12: =IF(OR($A12="",K12="",L12=""),"",IFERROR(SUM(K12:L12),"")) | N12: =IF(OR($A12="",$G12="",K12=""),"",IFERROR(MAX(0,$G12-K12),"")) | O12: =IF(OR($A12="",$F12=""),"",IFERROR($F12-Assumptions!$B$4,"")) | P12: =IF($A12="","",IF(OR($B12="",$C12="",$D12="",$E12="",$F12="",$G12="",$H12="",$I12="",$J12=""),"Check required fields",IF($F12<$E12,"Check dates",IF($J12="Canceled","Canceled",IF($J12="Expired","Expired",IF($F12<Assumptions!$B$4,"Review expired",IF(OR($J12="Pending Renewal",$F12<=Assumptions!$B$4+Assumptions!$B$5),"Renewal check","OK")))))))
A13: SAMPLE-POL-008 | B13: Commercial Auto | C13: Fictional Spruce Harbor Mutual | D13: SAMPLE-CA-2026-08 | E13: 45809 | F13: 46173 | G13: 6400 | H13: 1500 | I13: Monthly | J13: Expired | K13: =IF(OR($A13="",$E13="",$F13=""),"",IFERROR(SUMIFS(Payments!$F$6:$F$155,Payments!$B$6:$B$155,$A13,Payments!$C$6:$C$155,"Premium Installment",Payments!$G$6:$G$155,"Paid",Payments!$E$6:$E$155,">="&$E13,Payments!$E$6:$E$155,"<="&$F13),0)) | L13: =IF(OR($A13="",$E13="",$F13=""),"",IFERROR(SUMIFS(Payments!$F$6:$F$155,Payments!$B$6:$B$155,$A13,Payments!$C$6:$C$155,"Deductible",Payments!$G$6:$G$155,"Paid",Payments!$E$6:$E$155,">="&$E13,Payments!$E$6:$E$155,"<="&$F13),0)) | M13: =IF(OR($A13="",K13="",L13=""),"",IFERROR(SUM(K13:L13),"")) | N13: =IF(OR($A13="",$G13="",K13=""),"",IFERROR(MAX(0,$G13-K13),"")) | O13: =IF(OR($A13="",$F13=""),"",IFERROR($F13-Assumptions!$B$4,"")) | P13: =IF($A13="","",IF(OR($B13="",$C13="",$D13="",$E13="",$F13="",$G13="",$H13="",$I13="",$J13=""),"Check required fields",IF($F13<$E13,"Check dates",IF($J13="Canceled","Canceled",IF($J13="Expired","Expired",IF($F13<Assumptions!$B$4,"Review expired",IF(OR($J13="Pending Renewal",$F13<=Assumptions!$B$4+Assumptions!$B$5),"Renewal check","OK")))))))
A14: SAMPLE-POL-009 | B14: Property | C14: Fictional Stonegate Indemnity | D14: SAMPLE-PR-2026-09 | E14: 46023 | F14: 46387 | G14: 2400 | H14: 2000 | I14: Annual | J14: Canceled | K14: =IF(OR($A14="",$E14="",$F14=""),"",IFERROR(SUMIFS(Payments!$F$6:$F$155,Payments!$B$6:$B$155,$A14,Payments!$C$6:$C$155,"Premium Installment",Payments!$G$6:$G$155,"Paid",Payments!$E$6:$E$155,">="&$E14,Payments!$E$6:$E$155,"<="&$F14),0)) | L14: =IF(OR($A14="",$E14="",$F14=""),"",IFERROR(SUMIFS(Payments!$F$6:$F$155,Payments!$B$6:$B$155,$A14,Payments!$C$6:$C$155,"Deductible",Payments!$G$6:$G$155,"Paid",Payments!$E$6:$E$155,">="&$E14,Payments!$E$6:$E$155,"<="&$F14),0)) | M14: =IF(OR($A14="",K14="",L14=""),"",IFERROR(SUM(K14:L14),"")) | N14: =IF(OR($A14="",$G14="",K14=""),"",IFERROR(MAX(0,$G14-K14),"")) | O14: =IF(OR($A14="",$F14=""),"",IFERROR($F14-Assumptions!$B$4,"")) | P14: =IF($A14="","",IF(OR($B14="",$C14="",$D14="",$E14="",$F14="",$G14="",$H14="",$I14="",$J14=""),"Check required fields",IF($F14<$E14,"Check dates",IF($J14="Canceled","Canceled",IF($J14="Expired","Expired",IF($F14<Assumptions!$B$4,"Review expired",IF(OR($J14="Pending Renewal",$F14<=Assumptions!$B$4+Assumptions!$B$5),"Renewal check","OK")))))))
A15: SAMPLE-POL-010 | B15: Umbrella | C15: Fictional Arbor Peak Insurance | D15: SAMPLE-UM-2026-10 | E15: 46310 | F15: 46674 | G15: 2350 | H15: 1000 | I15: Annual | J15: Pending Renewal | K15: =IF(OR($A15="",$E15="",$F15=""),"",IFERROR(SUMIFS(Payments!$F$6:$F$155,Payments!$B$6:$B$155,$A15,Payments!$C$6:$C$155,"Premium Installment",Payments!$G$6:$G$155,"Paid",Payments!$E$6:$E$155,">="&$E15,Payments!$E$6:$E$155,"<="&$F15),0)) | L15: =IF(OR($A15="",$E15="",$F15=""),"",IFERROR(SUMIFS(Payments!$F$6:$F$155,Payments!$B$6:$B$155,$A15,Payments!$C$6:$C$155,"Deductible",Payments!$G$6:$G$155,"Paid",Payments!$E$6:$E$155,">="&$E15,Payments!$E$6:$E$155,"<="&$F15),0)) | M15: =IF(OR($A15="",K15="",L15=""),"",IFERROR(SUM(K15:L15),"")) | N15: =IF(OR($A15="",$G15="",K15=""),"",IFERROR(MAX(0,$G15-K15),"")) | O15: =IF(OR($A15="",$F15=""),"",IFERROR($F15-Assumptions!$B$4,"")) | P15: =IF($A15="","",IF(OR($B15="",$C15="",$D15="",$E15="",$F15="",$G15="",$H15="",$I15="",$J15=""),"Check required fields",IF($F15<$E15,"Check dates",IF($J15="Canceled","Canceled",IF($J15="Expired","Expired",IF($F15<Assumptions!$B$4,"Review expired",IF(OR($J15="Pending Renewal",$F15<=Assumptions!$B$4+Assumptions!$B$5),"Renewal check","OK")))))))
K16: =IF(OR($A16="",$E16="",$F16=""),"",IFERROR(SUMIFS(Payments!$F$6:$F$155,Payments!$B$6:$B$155,$A16,Payments!$C$6:$C$155,"Premium Installment",Payments!$G$6:$G$155,"Paid",Payments!$E$6:$E$155,">="&$E16,Payments!$E$6:$E$155,"<="&$F16),0)) | L16: =IF(OR($A16="",$E16="",$F16=""),"",IFERROR(SUMIFS(Payments!$F$6:$F$155,Payments!$B$6:$B$155,$A16,Payments!$C$6:$C$155,"Deductible",Payments!$G$6:$G$155,"Paid",Payments!$E$6:$E$155,">="&$E16,Payments!$E$6:$E$155,"<="&$F16),0)) | M16: =IF(OR($A16="",K16="",L16=""),"",IFERROR(SUM(K16:L16),"")) | N16: =IF(OR($A16="",$G16="",K16=""),"",IFERROR(MAX(0,$G16-K16),"")) | O16: =IF(OR($A16="",$F16=""),"",IFERROR($F16-Assumptions!$B$4,"")) | P16: =IF($A16="","",IF(OR($B16="",$C16="",$D16="",$E16="",$F16="",$G16="",$H16="",$I16="",$J16=""),"Check required fields",IF($F16<$E16,"Check dates",IF($J16="Canceled","Canceled",IF($J16="Expired","Expired",IF($F16<Assumptions!$B$4,"Review expired",IF(OR($J16="Pending Renewal",$F16<=Assumptions!$B$4+Assumptions!$B$5),"Renewal check","OK")))))))
K17: =IF(OR($A17="",$E17="",$F17=""),"",IFERROR(SUMIFS(Payments!$F$6:$F$155,Payments!$B$6:$B$155,$A17,Payments!$C$6:$C$155,"Premium Installment",Payments!$G$6:$G$155,"Paid",Payments!$E$6:$E$155,">="&$E17,Payments!$E$6:$E$155,"<="&$F17),0)) | L17: =IF(OR($A17="",$E17="",$F17=""),"",IFERROR(SUMIFS(Payments!$F$6:$F$155,Payments!$B$6:$B$155,$A17,Payments!$C$6:$C$155,"Deductible",Payments!$G$6:$G$155,"Paid",Payments!$E$6:$E$155,">="&$E17,Payments!$E$6:$E$155,"<="&$F17),0)) | M17: =IF(OR($A17="",K17="",L17=""),"",IFERROR(SUM(K17:L17),"")) | N17: =IF(OR($A17="",$G17="",K17=""),"",IFERROR(MAX(0,$G17-K17),"")) | O17: =IF(OR($A17="",$F17=""),"",IFERROR($F17-Assumptions!$B$4,"")) | P17: =IF($A17="","",IF(OR($B17="",$C17="",$D17="",$E17="",$F17="",$G17="",$H17="",$I17="",$J17=""),"Check required fields",IF($F17<$E17,"Check dates",IF($J17="Canceled","Canceled",IF($J17="Expired","Expired",IF($F17<Assumptions!$B$4,"Review expired",IF(OR($J17="Pending Renewal",$F17<=Assumptions!$B$4+Assumptions!$B$5),"Renewal check","OK")))))))
K18: =IF(OR($A18="",$E18="",$F18=""),"",IFERROR(SUMIFS(Payments!$F$6:$F$155,Payments!$B$6:$B$155,$A18,Payments!$C$6:$C$155,"Premium Installment",Payments!$G$6:$G$155,"Paid",Payments!$E$6:$E$155,">="&$E18,Payments!$E$6:$E$155,"<="&$F18),0)) | L18: =IF(OR($A18="",$E18="",$F18=""),"",IFERROR(SUMIFS(Payments!$F$6:$F$155,Payments!$B$6:$B$155,$A18,Payments!$C$6:$C$155,"Deductible",Payments!$G$6:$G$155,"Paid",Payments!$E$6:$E$155,">="&$E18,Payments!$E$6:$E$155,"<="&$F18),0)) | M18: =IF(OR($A18="",K18="",L18=""),"",IFERROR(SUM(K18:L18),"")) | N18: =IF(OR($A18="",$G18="",K18=""),"",IFERROR(MAX(0,$G18-K18),"")) | O18: =IF(OR($A18="",$F18=""),"",IFERROR($F18-Assumptions!$B$4,"")) | P18: =IF($A18="","",IF(OR($B18="",$C18="",$D18="",$E18="",$F18="",$G18="",$H18="",$I18="",$J18=""),"Check required fields",IF($F18<$E18,"Check dates",IF($J18="Canceled","Canceled",IF($J18="Expired","Expired",IF($F18<Assumptions!$B$4,"Review expired",IF(OR($J18="Pending Renewal",$F18<=Assumptions!$B$4+Assumptions!$B$5),"Renewal check","OK")))))))
K19: =IF(OR($A19="",$E19="",$F19=""),"",IFERROR(SUMIFS(Payments!$F$6:$F$155,Payments!$B$6:$B$155,$A19,Payments!$C$6:$C$155,"Premium Installment",Payments!$G$6:$G$155,"Paid",Payments!$E$6:$E$155,">="&$E19,Payments!$E$6:$E$155,"<="&$F19),0)) | L19: =IF(OR($A19="",$E19="",$F19=""),"",IFERROR(SUMIFS(Payments!$F$6:$F$155,Payments!$B$6:$B$155,$A19,Payments!$C$6:$C$155,"Deductible",Payments!$G$6:$G$155,"Paid",Payments!$E$6:$E$155,">="&$E19,Payments!$E$6:$E$155,"<="&$F19),0)) | M19: =IF(OR($A19="",K19="",L19=""),"",IFERROR(SUM(K19:L19),"")) | N19: =IF(OR($A19="",$G19="",K19=""),"",IFERROR(MAX(0,$G19-K19),"")) | O19: =IF(OR($A19="",$F19=""),"",IFERROR($F19-Assumptions!$B$4,"")) | P19: =IF($A19="","",IF(OR($B19="",$C19="",$D19="",$E19="",$F19="",$G19="",$H19="",$I19="",$J19=""),"Check required fields",IF($F19<$E19,"Check dates",IF($J19="Canceled","Canceled",IF($J19="Expired","Expired",IF($F19<Assumptions!$B$4,"Review expired",IF(OR($J19="Pending Renewal",$F19<=Assumptions!$B$4+Assumptions!$B$5),"Renewal check","OK")))))))
K20: =IF(OR($A20="",$E20="",$F20=""),"",IFERROR(SUMIFS(Payments!$F$6:$F$155,Payments!$B$6:$B$155,$A20,Payments!$C$6:$C$155,"Premium Installment",Payments!$G$6:$G$155,"Paid",Payments!$E$6:$E$155,">="&$E20,Payments!$E$6:$E$155,"<="&$F20),0)) | L20: =IF(OR($A20="",$E20="",$F20=""),"",IFERROR(SUMIFS(Payments!$F$6:$F$155,Payments!$B$6:$B$155,$A20,Payments!$C$6:$C$155,"Deductible",Payments!$G$6:$G$155,"Paid",Payments!$E$6:$E$155,">="&$E20,Payments!$E$6:$E$155,"<="&$F20),0)) | M20: =IF(OR($A20="",K20="",L20=""),"",IFERROR(SUM(K20:L20),"")) | N20: =IF(OR($A20="",$G20="",K20=""),"",IFERROR(MAX(0,$G20-K20),"")) | O20: =IF(OR($A20="",$F20=""),"",IFERROR($F20-Assumptions!$B$4,"")) | P20: =IF($A20="","",IF(OR($B20="",$C20="",$D20="",$E20="",$F20="",$G20="",$H20="",$I20="",$J20=""),"Check required fields",IF($F20<$E20,"Check dates",IF($J20="Canceled","Canceled",IF($J20="Expired","Expired",IF($F20<Assumptions!$B$4,"Review expired",IF(OR($J20="Pending Renewal",$F20<=Assumptions!$B$4+Assumptions!$B$5),"Renewal check","OK")))))))
K21: =IF(OR($A21="",$E21="",$F21=""),"",IFERROR(SUMIFS(Payments!$F$6:$F$155,Payments!$B$6:$B$155,$A21,Payments!$C$6:$C$155,"Premium Installment",Payments!$G$6:$G$155,"Paid",Payments!$E$6:$E$155,">="&$E21,Payments!$E$6:$E$155,"<="&$F21),0)) | L21: =IF(OR($A21="",$E21="",$F21=""),"",IFERROR(SUMIFS(Payments!$F$6:$F$155,Payments!$B$6:$B$155,$A21,Payments!$C$6:$C$155,"Deductible",Payments!$G$6:$G$155,"Paid",Payments!$E$6:$E$155,">="&$E21,Payments!$E$6:$E$155,"<="&$F21),0)) | M21: =IF(OR($A21="",K21="",L21=""),"",IFERROR(SUM(K21:L21),"")) | N21: =IF(OR($A21="",$G21="",K21=""),"",IFERROR(MAX(0,$G21-K21),"")) | O21: =IF(OR($A21="",$F21=""),"",IFERROR($F21-Assumptions!$B$4,"")) | P21: =IF($A21="","",IF(OR($B21="",$C21="",$D21="",$E21="",$F21="",$G21="",$H21="",$I21="",$J21=""),"Check required fields",IF($F21<$E21,"Check dates",IF($J21="Canceled","Canceled",IF($J21="Expired","Expired",IF($F21<Assumptions!$B$4,"Review expired",IF(OR($J21="Pending Renewal",$F21<=Assumptions!$B$4+Assumptions!$B$5),"Renewal check","OK")))))))
K22: =IF(OR($A22="",$E22="",$F22=""),"",IFERROR(SUMIFS(Payments!$F$6:$F$155,Payments!$B$6:$B$155,$A22,Payments!$C$6:$C$155,"Premium Installment",Payments!$G$6:$G$155,"Paid",Payments!$E$6:$E$155,">="&$E22,Payments!$E$6:$E$155,"<="&$F22),0)) | L22: =IF(OR($A22="",$E22="",$F22=""),"",IFERROR(SUMIFS(Payments!$F$6:$F$155,Payments!$B$6:$B$155,$A22,Payments!$C$6:$C$155,"Deductible",Payments!$G$6:$G$155,"Paid",Payments!$E$6:$E$155,">="&$E22,Payments!$E$6:$E$155,"<="&$F22),0)) | M22: =IF(OR($A22="",K22="",L22=""),"",IFERROR(SUM(K22:L22),"")) | N22: =IF(OR($A22="",$G22="",K22=""),"",IFERROR(MAX(0,$G22-K22),"")) | O22: =IF(OR($A22="",$F22=""),"",IFERROR($F22-Assumptions!$B$4,"")) | P22: =IF($A22="","",IF(OR($B22="",$C22="",$D22="",$E22="",$F22="",$G22="",$H22="",$I22="",$J22=""),"Check required fields",IF($F22<$E22,"Check dates",IF($J22="Canceled","Canceled",IF($J22="Expired","Expired",IF($F22<Assumptions!$B$4,"Review expired",IF(OR($J22="Pending Renewal",$F22<=Assumptions!$B$4+Assumptions!$B$5),"Renewal check","OK")))))))
K23: =IF(OR($A23="",$E23="",$F23=""),"",IFERROR(SUMIFS(Payments!$F$6:$F$155,Payments!$B$6:$B$155,$A23,Payments!$C$6:$C$155,"Premium Installment",Payments!$G$6:$G$155,"Paid",Payments!$E$6:$E$155,">="&$E23,Payments!$E$6:$E$155,"<="&$F23),0)) | L23: =IF(OR($A23="",$E23="",$F23=""),"",IFERROR(SUMIFS(Payments!$F$6:$F$155,Payments!$B$6:$B$155,$A23,Payments!$C$6:$C$155,"Deductible",Payments!$G$6:$G$155,"Paid",Payments!$E$6:$E$155,">="&$E23,Payments!$E$6:$E$155,"<="&$F23),0)) | M23: =IF(OR($A23="",K23="",L23=""),"",IFERROR(SUM(K23:L23),"")) | N23: =IF(OR($A23="",$G23="",K23=""),"",IFERROR(MAX(0,$G23-K23),"")) | O23: =IF(OR($A23="",$F23=""),"",IFERROR($F23-Assumptions!$B$4,"")) | P23: =IF($A23="","",IF(OR($B23="",$C23="",$D23="",$E23="",$F23="",$G23="",$H23="",$I23="",$J23=""),"Check required fields",IF($F23<$E23,"Check dates",IF($J23="Canceled","Canceled",IF($J23="Expired","Expired",IF($F23<Assumptions!$B$4,"Review expired",IF(OR($J23="Pending Renewal",$F23<=Assumptions!$B$4+Assumptions!$B$5),"Renewal check","OK")))))))
K24: =IF(OR($A24="",$E24="",$F24=""),"",IFERROR(SUMIFS(Payments!$F$6:$F$155,Payments!$B$6:$B$155,$A24,Payments!$C$6:$C$155,"Premium Installment",Payments!$G$6:$G$155,"Paid",Payments!$E$6:$E$155,">="&$E24,Payments!$E$6:$E$155,"<="&$F24),0)) | L24: =IF(OR($A24="",$E24="",$F24=""),"",IFERROR(SUMIFS(Payments!$F$6:$F$155,Payments!$B$6:$B$155,$A24,Payments!$C$6:$C$155,"Deductible",Payments!$G$6:$G$155,"Paid",Payments!$E$6:$E$155,">="&$E24,Payments!$E$6:$E$155,"<="&$F24),0)) | M24: =IF(OR($A24="",K24="",L24=""),"",IFERROR(SUM(K24:L24),"")) | N24: =IF(OR($A24="",$G24="",K24=""),"",IFERROR(MAX(0,$G24-K24),"")) | O24: =IF(OR($A24="",$F24=""),"",IFERROR($F24-Assumptions!$B$4,"")) | P24: =IF($A24="","",IF(OR($B24="",$C24="",$D24="",$E24="",$F24="",$G24="",$H24="",$I24="",$J24=""),"Check required fields",IF($F24<$E24,"Check dates",IF($J24="Canceled","Canceled",IF($J24="Expired","Expired",IF($F24<Assumptions!$B$4,"Review expired",IF(OR($J24="Pending Renewal",$F24<=Assumptions!$B$4+Assumptions!$B$5),"Renewal check","OK")))))))
K25: =IF(OR($A25="",$E25="",$F25=""),"",IFERROR(SUMIFS(Payments!$F$6:$F$155,Payments!$B$6:$B$155,$A25,Payments!$C$6:$C$155,"Premium Installment",Payments!$G$6:$G$155,"Paid",Payments!$E$6:$E$155,">="&$E25,Payments!$E$6:$E$155,"<="&$F25),0)) | L25: =IF(OR($A25="",$E25="",$F25=""),"",IFERROR(SUMIFS(Payments!$F$6:$F$155,Payments!$B$6:$B$155,$A25,Payments!$C$6:$C$155,"Deductible",Payments!$G$6:$G$155,"Paid",Payments!$E$6:$E$155,">="&$E25,Payments!$E$6:$E$155,"<="&$F25),0)) | M25: =IF(OR($A25="",K25="",L25=""),"",IFERROR(SUM(K25:L25),"")) | N25: =IF(OR($A25="",$G25="",K25=""),"",IFERROR(MAX(0,$G25-K25),"")) | O25: =IF(OR($A25="",$F25=""),"",IFERROR($F25-Assumptions!$B$4,"")) | P25: =IF($A25="","",IF(OR($B25="",$C25="",$D25="",$E25="",$F25="",$G25="",$H25="",$I25="",$J25=""),"Check required fields",IF($F25<$E25,"Check dates",IF($J25="Canceled","Canceled",IF($J25="Expired","Expired",IF($F25<Assumptions!$B$4,"Review expired",IF(OR($J25="Pending Renewal",$F25<=Assumptions!$B$4+Assumptions!$B$5),"Renewal check","OK")))))))
K26: =IF(OR($A26="",$E26="",$F26=""),"",IFERROR(SUMIFS(Payments!$F$6:$F$155,Payments!$B$6:$B$155,$A26,Payments!$C$6:$C$155,"Premium Installment",Payments!$G$6:$G$155,"Paid",Payments!$E$6:$E$155,">="&$E26,Payments!$E$6:$E$155,"<="&$F26),0)) | L26: =IF(OR($A26="",$E26="",$F26=""),"",IFERROR(SUMIFS(Payments!$F$6:$F$155,Payments!$B$6:$B$155,$A26,Payments!$C$6:$C$155,"Deductible",Payments!$G$6:$G$155,"Paid",Payments!$E$6:$E$155,">="&$E26,Payments!$E$6:$E$155,"<="&$F26),0)) | M26: =IF(OR($A26="",K26="",L26=""),"",IFERROR(SUM(K26:L26),"")) | N26: =IF(OR($A26="",$G26="",K26=""),"",IFERROR(MAX(0,$G26-K26),"")) | O26: =IF(OR($A26="",$F26=""),"",IFERROR($F26-Assumptions!$B$4,"")) | P26: =IF($A26="","",IF(OR($B26="",$C26="",$D26="",$E26="",$F26="",$G26="",$H26="",$I26="",$J26=""),"Check required fields",IF($F26<$E26,"Check dates",IF($J26="Canceled","Canceled",IF($J26="Expired","Expired",IF($F26<Assumptions!$B$4,"Review expired",IF(OR($J26="Pending Renewal",$F26<=Assumptions!$B$4+Assumptions!$B$5),"Renewal check","OK")))))))
K27: =IF(OR($A27="",$E27="",$F27=""),"",IFERROR(SUMIFS(Payments!$F$6:$F$155,Payments!$B$6:$B$155,$A27,Payments!$C$6:$C$155,"Premium Installment",Payments!$G$6:$G$155,"Paid",Payments!$E$6:$E$155,">="&$E27,Payments!$E$6:$E$155,"<="&$F27),0)) | L27: =IF(OR($A27="",$E27="",$F27=""),"",IFERROR(SUMIFS(Payments!$F$6:$F$155,Payments!$B$6:$B$155,$A27,Payments!$C$6:$C$155,"Deductible",Payments!$G$6:$G$155,"Paid",Payments!$E$6:$E$155,">="&$E27,Payments!$E$6:$E$155,"<="&$F27),0)) | M27: =IF(OR($A27="",K27="",L27=""),"",IFERROR(SUM(K27:L27),"")) | N27: =IF(OR($A27="",$G27="",K27=""),"",IFERROR(MAX(0,$G27-K27),"")) | O27: =IF(OR($A27="",$F27=""),"",IFERROR($F27-Assumptions!$B$4,"")) | P27: =IF($A27="","",IF(OR($B27="",$C27="",$D27="",$E27="",$F27="",$G27="",$H27="",$I27="",$J27=""),"Check required fields",IF($F27<$E27,"Check dates",IF($J27="Canceled","Canceled",IF($J27="Expired","Expired",IF($F27<Assumptions!$B$4,"Review expired",IF(OR($J27="Pending Renewal",$F27<=Assumptions!$B$4+Assumptions!$B$5),"Renewal check","OK")))))))
... K105: =IF(OR($A105="",$E105="",$F105=""),"",IFERROR(SUMIFS(Payments!$F$6:$F$155,Payments!$B$6:$B$155,$A105,Payments!$C$6:$C$155,"Premium Installment",Payments!$G$6:$G$155,"Paid",Payments!$E$6:$E$155,">="&$E105,Payments!$E$6:$E$155,"<="&$F105),0)) | L105: =IF(OR($A105="",$E105="",$F105=""),"",IFERROR(SUMIFS(Payments!$F$6:$F$155,Payments!$B$6:$B$155,$A105,Payments!$C$6:$C$155,"Deductible",Payments!$G$6:$G$155,"Paid",Payments!$E$6:$E$155,">="&$E105,Payments!$E$6:$E$155,"<="&$F105),0)) | M105: =IF(OR($A105="",K105="",L105=""),"",IFERROR(SUM(K105:L105),"")) | N105: =IF(OR($A105="",$G105="",K105=""),"",IFERROR(MAX(0,$G105-K105),"")) | O105: =IF(OR($A105="",$F105=""),"",IFERROR($F105-Assumptions!$B$4,"")) | P105: =IF($A105="","",IF(OR($B105="",$C105="",$D105="",$E105="",$F105="",$G105="",$H105="",$I105="",$J105=""),"Check required fields",IF($F105<$E105,"Check dates",IF($J105="Canceled","Canceled",IF($J105="Expired","Expired",IF($F105<Assumptions!$B$4,"Review expired",IF(OR($J105="Pending Renewal",$F105<=Assumptions!$B$4+Assumptions!$B$5),"Renewal check","OK")))))))

Sheet Payments
A1: Insurance Payments and Deductibles
A2: Enter scheduled or paid insurance costs in yellow cells. Alerts request a human review only.
A3: All displayed transactions and references are fictional samples.
A5: Record ID | B5: Policy ID | C5: Cost Type | D5: Due Date | E5: Paid Date | F5: Amount | G5: Status | H5: Reference / Note | I5: Days to Due | J5: Review Alert
A6: SAMPLE-TXN-001 | B6: SAMPLE-POL-001 | C6: Premium Installment | D6: 46023 | E6: 46024 | F6: 1050 | G6: Paid | H6: Fictional first-quarter installment | I6: =IF($A6="","",IF(OR($G6<>"Scheduled",$D6=""),"",IFERROR($D6-Assumptions!$B$4,""))) | J6: =IF($A6="","",IF(OR($B6="",$C6="",$D6="",$F6="",$G6=""),"Check required fields",IF(AND($G6="Paid",$E6=""),"Add paid date",IF($G6="Void","Void",IF($G6="Paid","Paid",IF($D6<Assumptions!$B$4,"Review overdue",IF($D6<=Assumptions!$B$4+Assumptions!$B$6,"Due soon","Scheduled")))))))
A7: SAMPLE-TXN-002 | B7: SAMPLE-POL-001 | C7: Premium Installment | D7: 46113 | E7: 46113 | F7: 1050 | G7: Paid | H7: Fictional second-quarter installment | I7: =IF($A7="","",IF(OR($G7<>"Scheduled",$D7=""),"",IFERROR($D7-Assumptions!$B$4,""))) | J7: =IF($A7="","",IF(OR($B7="",$C7="",$D7="",$F7="",$G7=""),"Check required fields",IF(AND($G7="Paid",$E7=""),"Add paid date",IF($G7="Void","Void",IF($G7="Paid","Paid",IF($D7<Assumptions!$B$4,"Review overdue",IF($D7<=Assumptions!$B$4+Assumptions!$B$6,"Due soon","Scheduled")))))))
A8: SAMPLE-TXN-003 | B8: SAMPLE-POL-001 | C8: Premium Installment | D8: 46204 | E8: 46206 | F8: 1050 | G8: Paid | H8: Fictional third-quarter installment | I8: =IF($A8="","",IF(OR($G8<>"Scheduled",$D8=""),"",IFERROR($D8-Assumptions!$B$4,""))) | J8: =IF($A8="","",IF(OR($B8="",$C8="",$D8="",$F8="",$G8=""),"Check required fields",IF(AND($G8="Paid",$E8=""),"Add paid date",IF($G8="Void","Void",IF($G8="Paid","Paid",IF($D8<Assumptions!$B$4,"Review overdue",IF($D8<=Assumptions!$B$4+Assumptions!$B$6,"Due soon","Scheduled")))))))
A9: SAMPLE-TXN-004 | B9: SAMPLE-POL-001 | C9: Premium Installment | D9: 46296 | F9: 1050 | G9: Scheduled | H9: Fictional fourth-quarter installment | I9: =IF($A9="","",IF(OR($G9<>"Scheduled",$D9=""),"",IFERROR($D9-Assumptions!$B$4,""))) | J9: =IF($A9="","",IF(OR($B9="",$C9="",$D9="",$F9="",$G9=""),"Check required fields",IF(AND($G9="Paid",$E9=""),"Add paid date",IF($G9="Void","Void",IF($G9="Paid","Paid",IF($D9<Assumptions!$B$4,"Review overdue",IF($D9<=Assumptions!$B$4+Assumptions!$B$6,"Due soon","Scheduled")))))))
A10: SAMPLE-TXN-005 | B10: SAMPLE-POL-002 | C10: Premium Installment | D10: 46266 | F10: 566.67 | G10: Scheduled | H10: Fictional monthly auto installment | I10: =IF($A10="","",IF(OR($G10<>"Scheduled",$D10=""),"",IFERROR($D10-Assumptions!$B$4,""))) | J10: =IF($A10="","",IF(OR($B10="",$C10="",$D10="",$F10="",$G10=""),"Check required fields",IF(AND($G10="Paid",$E10=""),"Add paid date",IF($G10="Void","Void",IF($G10="Paid","Paid",IF($D10<Assumptions!$B$4,"Review overdue",IF($D10<=Assumptions!$B$4+Assumptions!$B$6,"Due soon","Scheduled")))))))
A11: SAMPLE-TXN-006 | B11: SAMPLE-POL-002 | C11: Premium Installment | D11: 46235 | E11: 46236 | F11: 566.67 | G11: Paid | H11: Fictional prior auto installment | I11: =IF($A11="","",IF(OR($G11<>"Scheduled",$D11=""),"",IFERROR($D11-Assumptions!$B$4,""))) | J11: =IF($A11="","",IF(OR($B11="",$C11="",$D11="",$F11="",$G11=""),"Check required fields",IF(AND($G11="Paid",$E11=""),"Add paid date",IF($G11="Void","Void",IF($G11="Paid","Paid",IF($D11<Assumptions!$B$4,"Review overdue",IF($D11<=Assumptions!$B$4+Assumptions!$B$6,"Due soon","Scheduled")))))))
A12: SAMPLE-TXN-007 | B12: SAMPLE-POL-003 | C12: Premium Installment | D12: 46270 | E12: 46270 | F12: 425 | G12: Paid | H12: Fictional workers compensation installment | I12: =IF($A12="","",IF(OR($G12<>"Scheduled",$D12=""),"",IFERROR($D12-Assumptions!$B$4,""))) | J12: =IF($A12="","",IF(OR($B12="",$C12="",$D12="",$F12="",$G12=""),"Check required fields",IF(AND($G12="Paid",$E12=""),"Add paid date",IF($G12="Void","Void",IF($G12="Paid","Paid",IF($D12<Assumptions!$B$4,"Review overdue",IF($D12<=Assumptions!$B$4+Assumptions!$B$6,"Due soon","Scheduled")))))))
A13: SAMPLE-TXN-008 | B13: SAMPLE-POL-001 | C13: Deductible | D13: 46249 | E13: 46254 | F13: 1000 | G13: Paid | H13: Fictional claim reference SAMPLE-CLM-01 | I13: =IF($A13="","",IF(OR($G13<>"Scheduled",$D13=""),"",IFERROR($D13-Assumptions!$B$4,""))) | J13: =IF($A13="","",IF(OR($B13="",$C13="",$D13="",$F13="",$G13=""),"Check required fields",IF(AND($G13="Paid",$E13=""),"Add paid date",IF($G13="Void","Void",IF($G13="Paid","Paid",IF($D13<Assumptions!$B$4,"Review overdue",IF($D13<=Assumptions!$B$4+Assumptions!$B$6,"Due soon","Scheduled")))))))
A14: SAMPLE-TXN-009 | B14: SAMPLE-POL-006 | C14: Deductible | D14: 46154 | E14: 46157 | F14: 2500 | G14: Paid | H14: Fictional claim reference SAMPLE-CLM-02 | I14: =IF($A14="","",IF(OR($G14<>"Scheduled",$D14=""),"",IFERROR($D14-Assumptions!$B$4,""))) | J14: =IF($A14="","",IF(OR($B14="",$C14="",$D14="",$F14="",$G14=""),"Check required fields",IF(AND($G14="Paid",$E14=""),"Add paid date",IF($G14="Void","Void",IF($G14="Paid","Paid",IF($D14<Assumptions!$B$4,"Review overdue",IF($D14<=Assumptions!$B$4+Assumptions!$B$6,"Due soon","Scheduled")))))))
A15: SAMPLE-TXN-010 | B15: SAMPLE-POL-007 | C15: Premium Installment | D15: 46204 | E15: 46204 | F15: 975 | G15: Paid | H15: Fictional quarterly liability installment | I15: =IF($A15="","",IF(OR($G15<>"Scheduled",$D15=""),"",IFERROR($D15-Assumptions!$B$4,""))) | J15: =IF($A15="","",IF(OR($B15="",$C15="",$D15="",$F15="",$G15=""),"Check required fields",IF(AND($G15="Paid",$E15=""),"Add paid date",IF($G15="Void","Void",IF($G15="Paid","Paid",IF($D15<Assumptions!$B$4,"Review overdue",IF($D15<=Assumptions!$B$4+Assumptions!$B$6,"Due soon","Scheduled")))))))
I16: =IF($A16="","",IF(OR($G16<>"Scheduled",$D16=""),"",IFERROR($D16-Assumptions!$B$4,""))) | J16: =IF($A16="","",IF(OR($B16="",$C16="",$D16="",$F16="",$G16=""),"Check required fields",IF(AND($G16="Paid",$E16=""),"Add paid date",IF($G16="Void","Void",IF($G16="Paid","Paid",IF($D16<Assumptions!$B$4,"Review overdue",IF($D16<=Assumptions!$B$4+Assumptions!$B$6,"Due soon","Scheduled")))))))
I17: =IF($A17="","",IF(OR($G17<>"Scheduled",$D17=""),"",IFERROR($D17-Assumptions!$B$4,""))) | J17: =IF($A17="","",IF(OR($B17="",$C17="",$D17="",$F17="",$G17=""),"Check required fields",IF(AND($G17="Paid",$E17=""),"Add paid date",IF($G17="Void","Void",IF($G17="Paid","Paid",IF($D17<Assumptions!$B$4,"Review overdue",IF($D17<=Assumptions!$B$4+Assumptions!$B$6,"Due soon","Scheduled")))))))
I18: =IF($A18="","",IF(OR($G18<>"Scheduled",$D18=""),"",IFERROR($D18-Assumptions!$B$4,""))) | J18: =IF($A18="","",IF(OR($B18="",$C18="",$D18="",$F18="",$G18=""),"Check required fields",IF(AND($G18="Paid",$E18=""),"Add paid date",IF($G18="Void","Void",IF($G18="Paid","Paid",IF($D18<Assumptions!$B$4,"Review overdue",IF($D18<=Assumptions!$B$4+Assumptions!$B$6,"Due soon","Scheduled")))))))
I19: =IF($A19="","",IF(OR($G19<>"Scheduled",$D19=""),"",IFERROR($D19-Assumptions!$B$4,""))) | J19: =IF($A19="","",IF(OR($B19="",$C19="",$D19="",$F19="",$G19=""),"Check required fields",IF(AND($G19="Paid",$E19=""),"Add paid date",IF($G19="Void","Void",IF($G19="Paid","Paid",IF($D19<Assumptions!$B$4,"Review overdue",IF($D19<=Assumptions!$B$4+Assumptions!$B$6,"Due soon","Scheduled")))))))
I20: =IF($A20="","",IF(OR($G20<>"Scheduled",$D20=""),"",IFERROR($D20-Assumptions!$B$4,""))) | J20: =IF($A20="","",IF(OR($B20="",$C20="",$D20="",$F20="",$G20=""),"Check required fields",IF(AND($G20="Paid",$E20=""),"Add paid date",IF($G20="Void","Void",IF($G20="Paid","Paid",IF($D20<Assumptions!$B$4,"Review overdue",IF($D20<=Assumptions!$B$4+Assumptions!$B$6,"Due soon","Scheduled")))))))
I21: =IF($A21="","",IF(OR($G21<>"Scheduled",$D21=""),"",IFERROR($D21-Assumptions!$B$4,""))) | J21: =IF($A21="","",IF(OR($B21="",$C21="",$D21="",$F21="",$G21=""),"Check required fields",IF(AND($G21="Paid",$E21=""),"Add paid date",IF($G21="Void","Void",IF($G21="Paid","Paid",IF($D21<Assumptions!$B$4,"Review overdue",IF($D21<=Assumptions!$B$4+Assumptions!$B$6,"Due soon","Scheduled")))))))
I22: =IF($A22="","",IF(OR($G22<>"Scheduled",$D22=""),"",IFERROR($D22-Assumptions!$B$4,""))) | J22: =IF($A22="","",IF(OR($B22="",$C22="",$D22="",$F22="",$G22=""),"Check required fields",IF(AND($G22="Paid",$E22=""),"Add paid date",IF($G22="Void","Void",IF($G22="Paid","Paid",IF($D22<Assumptions!$B$4,"Review overdue",IF($D22<=Assumptions!$B$4+Assumptions!$B$6,"Due soon","Scheduled")))))))
I23: =IF($A23="","",IF(OR($G23<>"Scheduled",$D23=""),"",IFERROR($D23-Assumptions!$B$4,""))) | J23: =IF($A23="","",IF(OR($B23="",$C23="",$D23="",$F23="",$G23=""),"Check required fields",IF(AND($G23="Paid",$E23=""),"Add paid date",IF($G23="Void","Void",IF($G23="Paid","Paid",IF($D23<Assumptions!$B$4,"Review overdue",IF($D23<=Assumptions!$B$4+Assumptions!$B$6,"Due soon","Scheduled")))))))
I24: =IF($A24="","",IF(OR($G24<>"Scheduled",$D24=""),"",IFERROR($D24-Assumptions!$B$4,""))) | J24: =IF($A24="","",IF(OR($B24="",$C24="",$D24="",$F24="",$G24=""),"Check required fields",IF(AND($G24="Paid",$E24=""),"Add paid date",IF($G24="Void","Void",IF($G24="Paid","Paid",IF($D24<Assumptions!$B$4,"Review overdue",IF($D24<=Assumptions!$B$4+Assumptions!$B$6,"Due soon","Scheduled")))))))
I25: =IF($A25="","",IF(OR($G25<>"Scheduled",$D25=""),"",IFERROR($D25-Assumptions!$B$4,""))) | J25: =IF($A25="","",IF(OR($B25="",$C25="",$D25="",$F25="",$G25=""),"Check required fields",IF(AND($G25="Paid",$E25=""),"Add paid date",IF($G25="Void","Void",IF($G25="Paid","Paid",IF($D25<Assumptions!$B$4,"Review overdue",IF($D25<=Assumptions!$B$4+Assumptions!$B$6,"Due soon","Scheduled")))))))
I26: =IF($A26="","",IF(OR($G26<>"Scheduled",$D26=""),"",IFERROR($D26-Assumptions!$B$4,""))) | J26: =IF($A26="","",IF(OR($B26="",$C26="",$D26="",$F26="",$G26=""),"Check required fields",IF(AND($G26="Paid",$E26=""),"Add paid date",IF($G26="Void","Void",IF($G26="Paid","Paid",IF($D26<Assumptions!$B$4,"Review overdue",IF($D26<=Assumptions!$B$4+Assumptions!$B$6,"Due soon","Scheduled")))))))
I27: =IF($A27="","",IF(OR($G27<>"Scheduled",$D27=""),"",IFERROR($D27-Assumptions!$B$4,""))) | J27: =IF($A27="","",IF(OR($B27="",$C27="",$D27="",$F27="",$G27=""),"Check required fields",IF(AND($G27="Paid",$E27=""),"Add paid date",IF($G27="Void","Void",IF($G27="Paid","Paid",IF($D27<Assumptions!$B$4,"Review overdue",IF($D27<=Assumptions!$B$4+Assumptions!$B$6,"Due soon","Scheduled")))))))
... I155: =IF($A155="","",IF(OR($G155<>"Scheduled",$D155=""),"",IFERROR($D155-Assumptions!$B$4,""))) | J155: =IF($A155="","",IF(OR($B155="",$C155="",$D155="",$F155="",$G155=""),"Check required fields",IF(AND($G155="Paid",$E155=""),"Add paid date",IF($G155="Void","Void",IF($G155="Paid","Paid",IF($D155<Assumptions!$B$4,"Review overdue",IF($D155<=Assumptions!$B$4+Assumptions!$B$6,"Due soon","Scheduled")))))))

Sheet Assumptions
A1: Assumptions and Reference Choices
A2: Setting | B2: Value | C2: Use | D2: Coverage Types | E2: Policy Status | F2: Payment Frequency | G2: Cost Type | H2: Payment Status
A3: Report Year | B3: 2026 | C3: Controls annual summary and monthly chart | D3: General Liability | E3: Active | F3: Annual | G3: Premium Installment | H3: Scheduled
A4: As of Date | B4: 46275 | C4: Controls due and renewal review calculations | D4: Commercial Auto | E4: Pending Renewal | F4: Semiannual | G4: Deductible | H4: Paid
A5: Renewal Review Days | B5: 45 | C5: Days before expiration to request a review | D5: Workers Compensation | E5: Canceled | F5: Quarterly | H5: Void
A6: Due Soon Days | B6: 30 | C6: Days before a scheduled payment is marked due soon | D6: Inland Marine | E6: Expired | F6: Monthly
D7: Umbrella
D8: Property
